 Dungeon Crawl Stone Soup version 0.27.1-33-g824d729ab1 (webtiles) character file.

Game seed: 8861120914052115224

39 SensoryNuts the Ruffian (level 3, -2/28 HPs)
             Began as a Draconian Transmuter on Dec 7, 2021.
             Slain by Natasha (3 damage)
             ... on level 2 of the Dungeon.
             The game lasted 00:01:01 (1244 turns).

SensoryNuts the Ruffian (Draconian Transmuter)      Turns: 1244, Time: 00:01:01

Health: -2/28      AC:  5    Str: 13    XL:     3   Next: 26%
Magic:  6/6        EV: 12    Int: 13    God:
Gold:   33         SH:  0    Dex: 11    Spells: 5/6 levels left

rFire    . . .     SeeInvis .     - Unarmed
rCold    . . .     Faith    .   (no shield)
rNeg     . . .     Spirit   .   (armour unavailable)
rPois    .         Reflect  .   (helmet restricted)
rElec    .         Harm     .   (no cloak)
rCorr    .         Rampage  .   (no gloves)
Will     .....                  (no boots)
Stlth    +.........             (no amulet)
HPRegen  0.09/turn              (no ring)
MPRegen  0.10/turn              (no ring)

@: mighty, flying, slowed, very slow
A: AC +5, unfitting armour, cold-blooded
a: no special abilities


You were on level 2 of the Dungeon.
You visited 1 branch of the dungeon, and saw 2 of its levels.

You collected 33 gold pieces.

Inventory:

Armour
 g - a +2 helmet
Scrolls
 c - 2 scrolls of identify {unknown}
 d - a scroll of noise {unknown}
 f - a scroll of teleportation {unknown}
 h - a scroll of immolation {unknown}
Potions
 e - a potion of heal wounds {unknown}


   Skills:
 + Level 1.3 Fighting
 + Level 2.2 Dodging
 + Level 0.1 Stealth
 + Level 3.9 Unarmed Combat
 + Level 2.1 Spellcasting
 + Level 2.0 Transmutations


You had 5 spell levels left.
You knew the following spells:

 Your Spells              Type           Power      Damage    Failure   Level
a - Beastly Appendage     Tmut           12%        N/A       11%         1

Your spell library contained the following spells:

 Spells                   Type           Power      Damage    Failure   Level
 Wereblood                Tmut           6%         N/A       16%         2
 Spider Form              Tmut/Pois      2%         N/A       45%         3
 Mephitic Cloud           Conj/Pois/Air  1%         N/A       58%         3
 Ice Form                 Ice/Tmut       4%         N/A       86%         4
 Agony                    Necr           1%         N/A       100%        5
 Freezing Cloud           Conj/Ice/Air   0%         6-21      100%        5


Dungeon Overview and Level Annotations

Branches:
Dungeon (2/15)

Altars:

Annotations:
D:2 Natasha


Innate Abilities, Weirdness & Mutations

Your plain brown scales are hard. (AC +5)
You cannot fit into any form of body armour.
You are cold-blooded and may be slowed by cold attacks.


Message History

You closely miss Natasha. The ball python bites you.
The ball python barely misses you. Natasha misses you.
The ball python bites you. The ball python grabs you.
The ball python constricts you. Natasha claws you.
You hit the ball python.
The ball python is moderately wounded.
The ball python closely misses you. The ball python constricts you.
Natasha claws you but does no damage.
The ball python bites you but does no damage.
The ball python constricts you.
You hit the ball python.
You kill the ball python!
Natasha stares at you and mumbles some strange words.
You resist with significant effort.
You closely miss Natasha. Natasha claws you!
* * * LOW HITPOINT WARNING * * *
Natasha claws you!
* * * LOW HITPOINT WARNING * * *
You are too injured to fight recklessly!
You are too injured to fight recklessly!
You are too injured to fight recklessly!
You are too injured to fight recklessly!
You are too injured to fight recklessly!
You are too injured to fight recklessly!
You are too injured to fight recklessly!
You are too injured to fight recklessly!
You are too injured to fight recklessly!
You are too injured to fight recklessly!
You are too injured to fight recklessly!
You are too injured to fight recklessly!
You are too injured to fight recklessly!
You are too injured to fight recklessly!
You are too injured to fight recklessly!
It was a potion of flight.
You feel very buoyant.
You fly up into the air.
Natasha closely misses you.
It was a potion of might.
You feel very mighty all of a sudden. Natasha claws you.
You die...

... ......
###.##.....#..... ...
...#............ ..!.
................ ....
##..<>.......... #..
#...............
####.##)#.............
........÷.....†h......
###...........@.....>.
##..#.................
........###.....#.....
........# #####.# ####
.####...# #.#######
#...####$.........#
#........##........
.####...######.........
........# #.........


You could see Natasha.

Vanquished Creatures
  An adder (D:2)
  A dart slug (D:1)
  4 ball pythons
  2 endoplasms
  4 goblins
  4 hobgoblins
  A quokka (D:1)
  2 bats
  A frilled lizard (D:1)
  2 kobolds (D:1)
  4 rats (D:1)
26 creatures vanquished.

Notes
Turn   | Place    | Note
-------+----------+-------------------------------------------
     0 | D:1      | SensoryNuts the Draconian Transmuter began the quest for
                  | the Orb.
     0 | D:1      | Reached XP level 1. HP: 16/16 MP: 3/3
   123 | D:1      | Reached XP level 2. HP: 17/23 MP: 5/5
   434 | D:1      | Got Sif Muna's Papyrus of Gliding Darkness
  1010 | D:2      | Reached XP level 3. HP: 17/28 MP: 6/6
  1233 | D:2      | Noticed Natasha
  1242 | D:2      | HP: 1/28 [Natasha (7)]
  1244 | D:2      | Slain by Natasha

Illustrated notes

Levels and vault maps discovered:
D:1:      lightli_arrival_maybe_door_vault, layout_loops_ring
D:2:      layout_rooms, serial_shops, nicolae_shop_crystal, uniq_natasha

Skill      XL: |  1  2 |
---------------+-------+-----
Dodging        | 2 |  2.2
Fighting       | |  1.3
Stealth        | |  0.1
Unarmed Combat | |  3.9
Spellcasting   | |  2.1
Transmutations | |  2.0

Action                   || total
-------------------------++-------
Melee: Unarmed           ||    89
       Tailslap          ||     6
       Punch             ||     1
  Use: Potion            ||     2
 Stab: Sleeping          ||     1
Armor: Skin              ||    30
Dodge: Dodged            ||    56
